 Dungeon Crawl Stone Soup version 0.31.0-11-ge490571c62 (webtiles) character file.

Game seed: 14341495310648388158

25 EonDragon20 the Changeling (level 3, -4/26 HPs)
             Began as a Merfolk Shapeshifter on Feb 10, 2024.
             Slain by a gnoll
             ... wielding a +0 spear
              (7 damage)
             ... on level 1 of the Dungeon.
             The game lasted 00:01:58 (379 turns).

EonDragon20 the Changeling (Merfolk Shapeshifter)    Turns: 379, Time: 00:01:58

Health: -4/26      AC:  2    Str: 14    XL:     3   Next: 4%
Magic:  3/3        EV: 12    Int:  9    God:
Gold:   40         SH:  0    Dex: 15    Spells: 2/2 levels left

rFire   . .          .
                       - Unarmed
rCold   . . .        (no shield)
rNeg    . . .        a - +0 animal skin
rPois   .            (helmet currently unavailable)
rElec   .            (cloak currently unavailable)
rCorr   .            (gloves currently unavailable)
SInv    .            (boots currently unavailable)
Will    .....        (no amulet)
Stlth   +            (no ring)
HPRegen 0.24/turn    (no ring)
MPRegen 0.08/turn

%: no passive effects
@: beast-form
A: beast (slay +3), (nimble swimmer 2), mertail
a: Begin Untransformation


You were on level 1 of the Dungeon.
You were a hulking beast.
You visited 1 branch of the dungeon, and saw 1 of its levels.

You collected 40 gold pieces.

Inventory:

Armour
 a - a +0 animal skin (worn)
Talismans
 c - a beast talisman
 d - a flux talisman
Potions
 b - a potion of lignification


   Skills:
 - Level 1.1 Fighting
 - Level 2.6 Dodging
 - Level 3.2 Unarmed Combat
 * Level 5.3 Shapeshifting


You had 2 spell levels left.
You didn't know any spells.
Your spell library was empty.

Dungeon Overview and Level Annotations

Branches:
Dungeon (1/15)

Altars:


Innate Abilities, Weirdness & Mutations

You are a hulking beast.
Your limbs bulge with bestial killing power. (Slay +3)
((You are very nimble when in or above water. (Stealth+, EV+, Speed+++)))
Your lower body shifts to a powerful aquatic tail in water.


Message History

You barely miss the hobgoblin. Your punch misses the hobgoblin.
You barely miss the hobgoblin. The hobgoblin closely misses you.
You hit the hobgoblin.
The hobgoblin is almost dead.
The hobgoblin closely misses you.
A frilled lizard comes into view.
You completely miss the hobgoblin.
The hobgoblin is almost dead.
The hobgoblin misses you.
The frilled lizard hisses angrily.
You punch the hobgoblin!
You kill the hobgoblin!
You have reached level 3!
Your experience leads to an increase in your attributes!
Increase (S)trength, (I)ntelligence, or (D)exterity?
You feel agile. x2
You punch the frilled lizard!
You kill the frilled lizard!
A gnoll comes into view. It is wielding a +0 spear.
The gnoll shouts!
The gnoll hits you from afar with a +0 spear.
Found a potion of lignification.
The gnoll hits you with a +0 spear!
You hit the gnoll.
The gnoll is moderately wounded.
The gnoll barely misses you.
You hit the gnoll.
The gnoll is moderately wounded.
The gnoll hits you with a +0 spear!
You hit the gnoll.
The gnoll is heavily wounded.
The gnoll hits you with a +0 spear!
* * * LOW HITPOINT WARNING * * *
Okay, then.
You hit the gnoll.
The gnoll is severely wounded.
The gnoll closely misses you.
You closely miss the gnoll.
The gnoll is severely wounded.
The gnoll hits you with a +0 spear!
You die...

#.#######.......
...... #.#
####.....# .......
#.# #........#
........ #.#
#........# .
........ #.#
#........### ..
....[...
#.####..........#...
.....
#.##................
....
#.##.#...##........!
...
#.##.#...##.h.......
#.##.##...#..g......
#.##.##...#.........
#.##......#.........
#.........#.........
####......#......#.#
#......##....... .
#......####..#...
#.####.#


You could see a gnoll.

Vanquished Creatures
  3 giant cockroaches (D:1)
  7 goblins (D:1)
  2 hobgoblins (D:1)
  4 jackals (D:1)
  A bat (D:1)
  A frilled lizard (D:1)
  2 kobolds (D:1)
20 creatures vanquished.

Notes
Turn   | Place    | Note
-------+----------+-------------------------------------------
     0 | D:1      | EonDragon20 the Merfolk Shapeshifter began the quest for
                  | the Orb.
     0 | D:1      | Reached XP level 1. HP: 15/15 MP: 1/1
   102 | D:1      | Reached XP level 2. HP: 17/21 MP: 2/2
   215 | D:1      | Reached skill level 5 in Shapeshifting
   343 | D:1      | Reached XP level 3. HP: 23/26 MP: 3/3
   379 | D:1      | Slain by a gnoll

Illustrated notes

Levels and vault maps discovered:
D:1:      shiori_arrival_oz, layout_basic

Skill      XL: |  1  2 |
---------------+-------+-----
Shapeshifting  | 5 |  5.3
Fighting       | |  1.1
Dodging        | |  2.6
Unarmed Combat | |  3.2

Action                     || total
---------------------------++-------
  Melee: Unarmed           ||    59
         Punch             ||     1
 Armour: Animal skin       ||    32
  Dodge: Dodged            ||    25
